[Event "MCCT Oslo Esports Cup 2022"]
[Site "Oslo"]
[Date "2022.04.20"]
[Round "6.2"]
[White "Le, Quang Liem"]
[Black "Giri, Anish"]
[Result "1-0"]
[ECO "A34"]
[WhiteElo "2709"]
[BlackElo "2773"]
[Annotator "TA"]
[PlyCount "73"]
[EventDate "2022.04.14"]
[EventType "tourn"]
[EventCountry "NOR"]
[SourceTitle "playchess.com"]
[Source "ChessBase"]
[SourceQuality "1"]
[TimeControl "900+10"]

1. d4 Nf6 2. Nf3 g6 3. c4 Bg7 4. Nc3 d5 5. cxd5 Nxd5 6. Bg5 Nxc3 7. bxc3 c5 8. e3 Qa5 {[%emt 0:00:39] A34: Symmetrical English: 2 Nc3, lines with ...d5.} 9. Qd2 Bf5 10. Rc1 Nc6 {[%emt 0:00:31] The position is equal.} 11. Be2 {[%emt 0:00:51] [#]} O-O-O $146 (11... h6 $11 {keeps the balance.} 12. Bh4 O-O) ({Predecessor:} 11... O-O 12. O-O h6 13. Bh4 Rfd8 14. Qb2 cxd4 15. cxd4 g5 16. Bg3 Qb4 17. Qa1 Rac8 {½-½ (68) Bu,X (2705)-Bok,B (2598) Doha 2016}) 12. O-O $16 Be4 (12... f6 $16 13. Bh4 g5) 13. Qb2 cxd4 (13... Bd5 $16 {might work better.}) 14. cxd4 $40 {[%emt 0:00:00][%mdl 128] Hoping for Bf4. Black is in trouble.} Bxf3 $2 (14... Kb8 {is more resistant.} 15. Nd2 Bd5) 15. Bxf3 Qxg5 16. Rb1 Na5 17. Rfc1+ Kd7 18. h4 Qf5 19. e4 Qf4 20. Qb5+ Ke6 21. d5+ Kf6 22. Qxa5 $2 (22. e5+ $1 $18 Qxe5 23. Qxa5) 22... Bh6 $16 23. Rc7 Qe5 24. Rcxb7 (24. Rbxb7 Qa1+ 25. Kh2 Bf4+ 26. g3 Bxc7 27. Qxc7 Rhe8 $11) 24... Kg7 25. g3 Rhe8 26. Kg2 {[%emt 0:00:06] White is more active.} Rc8 27. Qa4 (27. Qxa7 Ra8 28. Qc5 Rxa2) (27. Rxa7 Rc2 28. Qb6 Rec8) 27... a5 (27... Kf8 $142 28. Rxa7 (28. Qxa7 Ra8 $16) 28... Bg7) 28. R1b2 ({Don't play} 28. Qxa5 $6 Rc2 $16) 28... Bc1 29. Rc2 {[%emt 0:00:14][%cal Oc2c1] aiming for Rxc1!} Rxc2 (29... Red8 $142 30. Rb5 (30. Qxa5 $2 Rxc2 31. Qxd8 Qd4 $19) 30... Rxc2 31. Qxc2 Ba3 32. Rxa5 Bd6) 30. Qxc2 $18 Ba3 (30... Bh6 31. Rb5 Qd4) 31. Qa4 $1 Bc5 32. Qxe8 Qd4 33. Kh3 {[%emt 0:00:12] White threatens Rb8 and mate.} Qxf2 {[%emt 0:00:02] [#]} 34. Bg2 (34. Rb8 $142 $1 e6 35. Qh8+ Kh6 {[#]} 36. Rg8 $1 Bd4 37. e5 $1 Qf1+ 38. Bg2 Qf5+ 39. g4) 34... g5 35. Rb8 {[%emt 0:00:17] White wants to mate with Qg8+.} gxh4 36. Qg8+ Kf6 37. Qh8+ {[%emt 0:00:14] Weighted Error Value: White=0.09 (flawless) /Black=0.52} 1-0

[Event "MCCT Oslo Esports Cup 2022"]
[Site "Oslo"]
[Date "2022.04.20"]
[Round "6.2"]
[White "Praggnanandhaa R"]
[Black "Duda, Jan-Krzysztof"]
[Result "0-1"]
[ECO "D87"]
[WhiteElo "2624"]
[BlackElo "2750"]
[Annotator "TA"]
[PlyCount "74"]
[EventDate "2022.04.14"]
[EventType "tourn"]
[EventCountry "NOR"]
[SourceTitle "playchess.com"]
[Source "ChessBase"]
[SourceQuality "1"]
[TimeControl "900+10"]

1. d4 Nf6 2. c4 g6 3. Nc3 d5 4. cxd5 Nxd5 5. e4 Nxc3 6. bxc3 Bg7 7. Bc4 c5 8. Ne2 O-O 9. Be3 Nc6 10. O-O e6 {[%emt 0:00:05] 10...Bg4 is the recent fashion.} 11. dxc5 {[%emt 0:00:07] D87: Exchange Grünfeld: Classical Line: Variations without ...cxd4.} Qa5 12. f4 Rd8 13. Qe1 {[%emt 0:00:02] The position is equal.} Qa4 14. Bb3 Qxe4 15. Ng3 Qd3 16. Rc1 Bd7 17. Qf2 Na5 (17... Bxc3 $2 18. Rfd1 Nb4 19. Rxd3 $18) 18. Bc2 Qa6 19. Bd4 {[%emt 0:04:16] [#]} Bxd4 $146 ({Predecessor:} 19... Bb5 20. Rfd1 f5 21. Qe3 Qc6 22. Ne2 Bxe2 23. Qxe2 Kf7 24. g4 Qc7 25. Rd3 Re8 {½-½ (39) Brewer,S (2437)-Mende,I (2433) ICCF email 2019}) 20. cxd4 {[%emt 0:00:12] Threatening Ne4.} Bb5 21. Rfd1 {[%emt 0:00:35] Hoping for a4.} (21. Rfe1 $5 ) 21... f5 $1 22. h4 Rd7 23. Re1 Rad8 24. c6 $2 (24. h5 $11 {and White is okay.}) 24... Nxc6 $19 25. Rxe6 {[%emt 0:00:05] aiming for Bb3.} Qxa2 26. Qe3 {[%emt 0:01:11] [#]} Nxd4 (26... Rxd4 $2 27. Bb3 Bc4 28. Re8+ Rxe8 29. Qxe8+ Kg7 30. Bxa2 $18) ({Black should play} 26... Bc4 $1 $19 27. Re8+ (27. Bb1 $2 Qb3 $19) 27... Kf7 28. Rxd8 Rxd8) 27. Re8+ $15 Kf7 $1 28. Rxd8 {[%emt 0:01:59][%mdl 8192] This move loses the game for White.} ({Only move:} 28. Re1 $1 $15 Be2 29. Rxd8 Rxd8 30. Bd3) 28... Rxd8 $19 29. Bb1 Qd5 (29... Qe6 30. Rc7+ Kf8 31. Qa3+ Qd6 32. Qxd6+ Rxd6 33. Rxb7 $19) 30. Qa3 Qd6 {[%emt 0:00:25] Inhibits Rc7+.} 31. Ba2+ Kg7 32. Qe3 (32. Qxd6 $142 Rxd6 33. Rc7+ Rd7 34. Rc5) 32... Re8 33. Rc7+ Kh6 ({Stronger than} 33... Qxc7 34. Qxd4+ Kh6 35. Nxf5+ Kh5 36. Ng7+ Kh6 37. Nf5+ Kh5 38. Ng7+ Kh6 39. Nf5+ $11) 34. Qc1 Bc6 35. Rf7 {[%emt 0:00:04] [#]} Re2 $1 {[%emt 0:00:03] Black mates.} 36. Kh2 (36. Qxc6 Qxf4) 36... Rxg2+ 37. Kh3 Rxg3+ {[%emt 0:00:01] Weighted Error Value: White=0.98/Black=0.10 (very precise)} 0-1

[Event "MCCT Oslo Esports Cup 2022"]
[Site "Oslo"]
[Date "2022.04.20"]
[Round "6.2"]
[White "Hansen, Eric"]
[Black "Carlsen, Magnus"]
[Result "1/2-1/2"]
[ECO "B40"]
[WhiteElo "2606"]
[BlackElo "2864"]
[Annotator "TA"]
[PlyCount "93"]
[EventDate "2022.04.14"]
[EventType "tourn"]
[EventCountry "NOR"]
[SourceTitle "playchess.com"]
[Source "ChessBase"]
[SourceQuality "1"]
[TimeControl "900+10"]

1. e4 c5 2. Nf3 e6 3. g3 d5 4. exd5 exd5 5. Bg2 Nc6 6. O-O Nf6 7. d4 Be7 8. dxc5 Bxc5 9. Nc3 O-O 10. Bg5 {[%emt 0:00:03] B40: Sicilian: 2...e6, Unusual lines.} Be6 {[%emt 0:04:28] 10...d4 is more advanced technology.} 11. Nd2 (11. Qd3 {seems wilder.} h6 12. Bxf6 Qxf6 13. Nxd5 Qxb2 14. Rfb1) 11... Bd4 {[%emt 0:02:23] [#]} 12. Nb3 $146 ({Predecessor:} 12. Nb5 Bxb2 13. Rb1 Be5 14. f4 Bb8 15. f5 Bc8 16. Nc3 Ne7 17. Bxf6 gxf6 18. Qh5 {1-0 (34) Cubas,J (2537)-Moura,V (2031) Sao Paulo 2013}) 12... Bxc3 13. bxc3 h6 14. Be3 Rc8 15. a4 Re8 (15... Ne4 $15) 16. h3 ({White should play} 16. Re1 $11) 16... Ne4 $15 17. Bd4 ({Better is} 17. Bxe4 $15 dxe4 18. Qxd8 Rexd8 19. Kg2) 17... Bf5 (17... b6 $142 18. Re1 Nxd4 19. cxd4 Bf5) 18. Re1 $17 Nxd4 19. cxd4 Nc3 (19... a5 $17 {...b6 is the strong threat.} 20. Bxe4 Rxe4 21. Rxe4 dxe4) 20. Qd2 $15 Rxe1+ 21. Rxe1 Nxa4 22. Qb4 $1 Nb6 23. Nc5 Bxc2 24. Nxb7 (24. Ra1 $5 ) 24... Qf6 25. Nc5 Bf5 26. Re5 Kh7 27. Bf1 Bg6 28. h4 Rxc5 29. Qxc5 Nd7 30. Qxd5 Nxe5 31. dxe5 Qb6 {[%emt 0:00:02] [#]} (31... Qf5 $11) 32. Bd3 $2 (32. h5 $1 $18 Bf5 33. Qxf7) 32... Bxd3 $11 {[%emt 0:01:33] The position is equal.} 33. Qxd3+ {[%emt 0:00:02][%mdl 4096] Endgame KQ-KQ} Kg8 34. Qd7 {[%emt 0:00:20] Black must now prevent Qe8+.} Qb1+ 35. Kg2 Qe4+ 36. Kg1 Qe1+ 37. Kg2 Qe4+ 38. Kg1 Qa8 {[%emt 0:00:02] Inhibits Qe8+.} 39. f4 a5 40. f5 Qf3 41. e6 Qxg3+ 42. Kf1 Qf3+ 43. Ke1 Qe3+ 44. Kd1 Qf3+ 45. Ke1 Qe3+ 46. Kd1 Qf3+ 47. Ke1 {[%emt 0:00:01] Weighted Error Value: White=0.14 (very precise) /Black=0.18 (very precise)} 1/2-1/2

[Event "MCCT Oslo Esports Cup 2022"]
[Site "Oslo"]
[Date "2022.04.20"]
[Round "6.3"]
[White "Carlsen, Magnus"]
[Black "Hansen, Eric"]
[Result "1-0"]
[ECO "D41"]
[WhiteElo "2864"]
[BlackElo "2606"]
[Annotator "TA"]
[PlyCount "79"]
[EventDate "2022.04.14"]
[EventType "tourn"]
[EventCountry "NOR"]
[SourceTitle "playchess.com"]
[Source "ChessBase"]
[SourceQuality "1"]
[TimeControl "900+10"]

1. d4 Nf6 2. c4 e6 3. Nf3 d5 4. Nc3 c5 5. cxd5 Nxd5 6. e4 Nxc3 7. bxc3 cxd4 8. cxd4 Bb4+ 9. Bd2 Bxd2+ 10. Qxd2 O-O 11. Rc1 b6 {[%emt 0:00:17] D41: Queen's Gambit Declined: Semi-Tarrasch with 5 cxd5.} 12. Bd3 Bb7 13. O-O Nd7 {[%emt 0:00:08][%cal Bb8d7,Bd7f6,Bf6e4][%mdl 32] The position is equal.} 14. Qf4 h6 15. h4 Nf6 {[%emt 0:00:46] [#]} 16. d5 $146 ({Predecessor:} 16. Rfe1 Rc8 17. e5 Rxc1 18. Rxc1 Nh5 19. Qg4 Bxf3 20. gxf3 g6 21. a4 Ng7 22. Qf4 {1-0 (47) Bu,X (2729)-Dominguez Perez,L (2750) Hengshui 2019}) 16... exd5 17. e5 Ne4 18. Nd4 {[%emt 0:00:01] Black must now prevent Nf5.} Bc8 19. Rc6 Bd7 20. Bxe4 dxe4 21. Rd6 Qe7 22. Re1 Rac8 23. Rxe4 (23. Re3 $5 ) 23... Rc3 24. Kh2 Re8 25. Ne2 Rc6 {[%emt 0:01:19] Threatens to win with ...Rxd6.} 26. Ng3 {[%emt 0:00:04][%cal Oe5e6] And now e6! would win.} Rxd6 27. exd6 Qd8 28. Rc4 $1 Re6 (28... Be6 $142 29. Rc7 Qf6 30. Qxf6 gxf6) 29. Nf5 $40 {[%emt 0:00:12][%mdl 128] Black needs to defend precisely.} (29. Rc7 $16) 29... Kh8 (29... g5 $1 $11 {remains equal.} 30. Qf3 (30. Qd4 Qf6 $11) 30... Qf6) 30. Ne7 $1 $16 Rf6 31. Qd4 a5 32. Kg1 (32. h5 $18) 32... Re6 33. Rc3 {[%emt 0:00:23] 0x0.0024a5be0a82dp-1022s more active pieces.} Be8 $2 {[%emt 0:00:24][%mdl 8192] Loses the game.} (33... b5 $16) 34. Rg3 $18 ({Less strong is} 34. Rc8 Qd7 $16) 34... Rf6 {[%emt 0:00:03] [#]} (34... f6 $142) 35. Nf5 $1 g6 {[%emt 0:00:20] [#]} (35... Qd7 36. Nxg7) 36. Ne7 (36. Re3 $142 $1 gxf5 {[#]} 37. Rxe8+ $1 Qxe8 38. Qxf6+ Kh7 39. Qe7 Qxe7 40. dxe7 h5 41. e8=Q) 36... Qxd6 {[%emt 0:00:08] White is clearly winning.} 37. Nd5 {[%emt 0:00:02][%mdl 64] Pin} Kg7 38. Rd3 (38. Qxf6+ Qxf6 39. Nxf6 Kxf6 $16) 38... b5 39. g4 {[%emt 0:00:22] g5 is the strong threat.} (39. Nxf6 Qxf6 40. Qc5 Qc6 41. Qxc6 Bxc6 $18) 39... g5 40. f4 {[%emt 0:00:07] Weighted Error Value: White=0.35/Black=0.58} ({Not} 40. Nxf6 Qxf6 41. hxg5 hxg5 42. Qxf6+ Kxf6 $18) 1-0

[Event "MCCT Oslo Esports Cup 2022"]
[Site "Oslo"]
[Date "2022.04.20"]
[Round "6.3"]
[White "Giri, Anish"]
[Black "Le, Quang Liem"]
[Result "1/2-1/2"]
[ECO "E52"]
[WhiteElo "2773"]
[BlackElo "2709"]
[Annotator "TA"]
[PlyCount "81"]
[EventDate "2022.04.14"]
[EventType "tourn"]
[EventCountry "NOR"]
[SourceTitle "playchess.com"]
[Source "ChessBase"]
[SourceQuality "1"]
[TimeControl "900+10"]

1. d4 Nf6 2. c4 e6 3. Nc3 Bb4 4. Nf3 d5 5. e3 O-O 6. Bd2 b6 7. cxd5 exd5 8. Bd3 Bb7 9. Qb1 {[%emt 0:00:59] E52: Nimzo-Indian: Rubinstein: 4...0-0 5 Nf3 d5 6 Bd3 b6.} Re8 10. O-O Nbd7 {[%emt 0:00:12] [#]} 11. Ne2 $146 {[%emt 0:00:08] The position is equal.} ({Predecessor:} 11. Rc1 a6 12. a3 Bd6 13. b4 Ne4 14. a4 Ndf6 15. Be1 h6 16. b5 a5 17. Qc2 Rc8 {0-1 (17) Winkler,M (1211)-Camps,J (1784) LSS email 2013}) 11... Bd6 12. b4 Ne4 13. b5 a5 14. a4 Nxd2 15. Nxd2 ({Don't go for} 15. Bxh7+ $2 Kh8 16. Nxd2 Qh4 $19) 15... Nf6 16. Qc2 g6 17. Rae1 Rc8 18. Qb3 Bb4 19. Rd1 c5 {[%emt 0:00:20] aiming for ...c4.} 20. bxc6 $1 Bxc6 21. Nf3 Re7 22. Ra1 Rec7 23. Ne5 Be8 24. Ba6 Ra8 25. Bb5 Rac8 26. Ba6 Ra8 27. Bb5 Rac8 28. Qd3 Ne4 29. Nf4 (29. Bxe8 $11 Qxe8 30. Qa6) 29... Nc3 $1 $17 30. Bxe8 Qxe8 31. h3 Bd6 32. Ng4 {[%emt 0:00:30] [#] Nf6+ is the strong threat.} Kg7 {[%emt 0:00:13] Against Nf6} 33. Rfe1 (33. Qd2 $17) 33... h5 34. Nh2 (34. Ne5 {is a better defense.}) 34... Re7 $2 (34... Qe4 $19 35. Qd2 Bb4) 35. Rec1 {[%emt 0:00:45] [#]} Rec7 (35... Bb4 $1 $17 36. Nf3 Rec7) 36. Re1 $1 $19 Qe4 37. Qd2 Bb4 38. f3 Qe8 39. Qd3 {[%emt 0:01:04] Against Nb1} Rc4 40. Rf1 Bd6 {[%emt 0:00:20] White must now prevent ...Bxf4.} 41. Rae1 {[%emt 0:00:04][%mdl 32768] Weighted Error Value: White=0.18 (very precise) /Black=0.11 (very precise) . An unexpected result.} 1/2-1/2

[Event "MCCT Oslo Esports Cup 2022"]
[Site "Oslo"]
[Date "2022.04.20"]
[Round "6.3"]
[White "Duda, Jan-Krzysztof"]
[Black "Praggnanandhaa R"]
[Result "1/2-1/2"]
[ECO "A21"]
[WhiteElo "2750"]
[BlackElo "2624"]
[Annotator "TA"]
[PlyCount "63"]
[EventDate "2022.04.14"]
[EventType "tourn"]
[EventCountry "NOR"]
[SourceTitle "playchess.com"]
[Source "ChessBase"]
[SourceQuality "1"]
[TimeControl "900+10"]

1. c4 e5 2. Nc3 Bb4 3. Nd5 Be7 4. d4 exd4 5. Qxd4 Nf6 6. Nxe7 {[%emt 0:00:25] A21: English Opening: 1...e5 2 Nc3.} Qxe7 7. Bg5 {[%emt 0:00:03] 7.Qe3 is not played anymore.} Nc6 8. Qc3 d6 9. Bxf6 Qxf6 10. Qxf6 gxf6 11. e3 {[%emt 0:00:07] [#]} Rg8 $146 ({Predecessor:} 11... Be6 12. Rc1 Ke7 13. Ne2 Ne5 14. Ng3 Rhg8 15. Be2 c5 16. O-O a6 17. f4 Nc6 {1-0 (33) Afanasiev,N (2548)-Agmanov,Z (2425) Cheliabinsk 2021}) 12. Ne2 Be6 13. Nc3 O-O-O 14. O-O-O Ne7 15. g3 d5 16. c5 b6 17. b4 Nc6 18. b5 d4 19. Ne4 Nb4 20. exd4 Nxa2+ 21. Kb2 f5 (21... Nb4 $1 $14) 22. Nf6 $16 Rg6 {[%emt 0:00:11] [#]} 23. d5 $1 $36 {[%emt 0:00:38][%cal Od5e6][%mdl 2048] White has strong initiative.} Rxf6 24. Bc4 Nb4 25. dxe6 fxe6 26. Rxd8+ Kxd8 {[%emt 0:00:02][%mdl 4096] Endgame KRB-KRN} 27. Rd1+ Ke7 (27... Kc8 $16) 28. c6 $18 {[%emt 0:00:47][%mdl 1024] Strongly threatening Rd7+. White has strong compensation.} Rf7 (28... Nd5 {keeps fighting.}) 29. Re1 $2 (29. Rd7+ $18 Kf6 30. Kc3 Nd5+ 31. Bxd5 exd5 32. Rxd5) 29... Rf6 $11 30. Rd1 $2 (30. Kc3 $11 a5 31. bxa6 Nxc6 32. f4) 30... Rf7 $18 31. Re1 $2 ({White has to play} 31. Rd7+ $18 Kf6 32. Kc3 Nd5+ 33. Bxd5 exd5 34. Rxd5) 31... Rf6 $11 32. Rd1 {[%emt 0:00:02] Weighted Error Value: White=0.17 (very precise) /Black=0.16 (very precise)} 1/2-1/2

[Event "MCCT Oslo Esports Cup 2022"]
[Site "Oslo"]
[Date "2022.04.20"]
[Round "6.3"]
[White "Van Foreest, Jorden"]
[Black "Mamedyarov, Shakhriyar"]
[Result "1/2-1/2"]
[ECO "C47"]
[WhiteElo "2714"]
[BlackElo "2771"]
[Annotator "TA"]
[PlyCount "176"]
[EventDate "2022.04.14"]
[EventType "tourn"]
[EventCountry "NOR"]
[SourceTitle "playchess.com"]
[Source "ChessBase"]
[SourceQuality "1"]
[TimeControl "900+10"]

1. e4 e5 2. Nf3 Nc6 3. Nc3 Nf6 4. d4 exd4 5. Nxd4 Bb4 6. Nxc6 bxc6 7. Bd3 d5 8. exd5 O-O 9. O-O Bg4 10. f3 Bh5 11. Bg5 Qd6 12. Qe1 cxd5 13. Qh4 Bxc3 14. bxc3 Bg6 15. Bxf6 Qxf6 16. Qxf6 gxf6 17. Rab1 Rfe8 18. Kf2 Re6 19. Rfe1 Rc6 20. Rb3 Kf8 21. g4 Bxd3 22. cxd3 Ra6 23. Re2 Re8 24. Rc2 Rb6 25. Ra3 a6 26. Ra5 c6 27. Re2 Re6 28. c4 Ke7 29. cxd5 cxd5 30. Rxd5 Rxe2+ 31. Kxe2 Rb2+ 32. Ke3 Rxa2 33. Rh5 a5 34. Rxh7 a4 $2 (34... Kf8 35. Rh5 a4) 35. Rh8 $18 a3 36. Ra8 f5 37. gxf5 (37. g5 $142) 37... Kf6 $18 38. Kf4 Ra1 39. Ra6+ Kg7 40. Ke5 a2 41. Kf4 Rd1 42. Rxa2 Rxd3 43. Ra4 Rd1 44. Kg5 Rd6 45. Rg4 Rh6 (45... Rd5 $142 46. h4 f6+ 47. Kf4+ Kf7) 46. h4 Rb6 47. Rf4 (47. f4 $18) 47... Ra6 (47... Rb3 $16 48. Kg4 (48. f6+ Kh7 $16) 48... Rb1) 48. Rg4 Rb6 $1 49. Rc4 Ra6 50. Rc7 Ra1 (50... Rb6 $142 51. Rc5 f6+ 52. Kg4 Rb4+ 53. Kg3 Rb7) 51. f6+ $18 Kg8 52. Kh6 Ra8 53. Rc4 Kh8 54. Rc5 Rb8 55. Rc7 Kg8 56. f4 Ra8 57. Rc5 Kh8 58. Kg5 Kh7 59. Rc7 Ra5+ 60. f5 Kg8 61. h5 Ra1 62. Kh6 $1 Ra8 63. Rc2 Kh8 64. Kg5 Ra1 65. Rc8+ Kh7 {[%emt 0:00:01] [#]} 66. Rf8 $1 Ra7 67. Kf4 $2 (67. Rd8 $18) 67... Rb7 $2 {[%emt 0:00:20] [#]} (67... Ra4+ $1 $11 68. Kg5 Ra7) 68. Re8 $2 (68. Rd8 $1 $18) 68... Rb1 69. Re7 Kg8 $2 (69... Rb4+ $1 $11 {and Black is okay.} 70. Kg5 Kg8) 70. Re2 $2 (70. Ra7 $18) 70... Kh7 $1 $11 71. Rg2 Kh6 72. Rg8 Rb4+ 73. Ke5 Kxh5 74. Kd6 Rb7 75. Rg2 Ra7 76. Rg1 Kh6 77. Ke5 Ra5+ 78. Kd6 Ra7 79. Rg7 Kh5 80. Kd5 Kh6 81. Kc5 Ra5+ 82. Kd6 Ra7 83. Ke5 Kh5 84. Rg8 Ra5+ 85. Kf4 Ra4+ 86. Ke5 Ra5+ 87. Kf4 Ra4+ 88. Ke5 Ra5+ 1/2-1/2

[Event "MCCT Oslo Esports Cup 2022"]
[Site "Oslo"]
[Date "2022.04.20"]
[Round "6.4"]
[White "Mamedyarov, Shakhriyar"]
[Black "Van Foreest, Jorden"]
[Result "1-0"]
[ECO "D71"]
[WhiteElo "2771"]
[BlackElo "2714"]
[Annotator "TA"]
[PlyCount "143"]
[EventDate "2022.04.14"]
[EventType "tourn"]
[EventCountry "NOR"]
[SourceTitle "playchess.com"]
[Source "ChessBase"]
[SourceQuality "1"]
[TimeControl "900+10"]

1. d4 Nf6 2. c4 g6 3. g3 c6 4. Bg2 d5 5. Qa4 Nfd7 6. cxd5 Nb6 7. Qd1 cxd5 8. a4 Bg7 9. Nc3 e6 10. e3 Nc6 11. Nge2 O-O 12. O-O Nc4 13. b3 Nd6 14. Ba3 Re8 15. Rc1 Bf8 16. Nf4 Bd7 17. Nd3 Rc8 18. Nc5 b6 19. Nxd7 Qxd7 20. Re1 a5 21. Bf1 Nb4 22. Bxb4 (22. Qd2 {with more complications.} h5 23. Red1 Red8 24. Bxb4 axb4 25. Nb5) 22... axb4 23. Bb5 Nxb5 24. Nxb5 Rxc1 25. Qxc1 Rc8 26. Qb1 h5 27. h4 Be7 28. Rc1 Kg7 29. Rc2 Bf6 30. Qc1 Rxc2 31. Qxc2 Bd8 32. Kg2 Kg8 33. f3 f5 34. Kf2 Kg7 35. Ke2 Kf7 36. Qd2 Be7 37. e4 Qc6 (37... fxe4 $11 38. fxe4 e5) 38. exf5 (38. e5 $14) 38... exf5 $11 39. Kd3 Qe6 40. Kc2 Qc8+ 41. Kd1 Qb8 42. f4 Qc8 43. Qe2 Qe6 44. Qe5 Bf6 45. Qc7+ Kf8 46. Qb8+ Kg7 47. Qc7+ Kf8 48. a5 bxa5 49. Qxa5 Be7 50. Qa8+ Kg7 51. Qb8 Bf6 (51... Qe4 $5 52. Qe5+ Kf7 53. Nd6+ (53. Nc7 $2 Qd3+ 54. Kc1 Qc3+ 55. Kd1 Qxb3+ 56. Kc1 Qa3+ 57. Kb1 b3 $19) 53... Bxd6 54. Qxd6 Qd3+ 55. Kc1 Qe3+ 56. Kd1 Qxb3+ 57. Kc1 Qc4+ 58. Kb1 Qd3+ 59. Kc1 Qe3+ 60. Kb2 Qf2+ 61. Kc1 Qe3+ 62. Kc2 Qc3+ 63. Kb1 Qe1+ 64. Kb2 Qf2+ 65. Kc1 Qe3+ $15) 52. Qc7+ Kh6 53. Nd6 Be7 (53... Bxd4 $2 54. Nf7+ Qxf7 55. Qxf7 $18) 54. Qc8 Qxc8 (54... Qf6 $5 55. Nb5 Bf8 $11) 55. Nxc8 Bf6 56. Ke2 ({Reject} 56. Nb6 Bxd4 57. Nxd5 Bf2 58. Nxb4 Bxg3 $17) 56... Bxd4 {[%emt 0:00:06] And now ...Bc5 would win.} 57. Ne7 Kg7 58. Nxd5 Bc5 59. Nc7 {[%emt 0:00:01] Intending Ne6+ and mate.} Kf7 {[%emt 0:00:56] Inhibits Ne6.} 60. Na6 Bd6 61. Kd3 Ke6 $2 (61... g5 $11) 62. Kc4 $18 g5 63. hxg5 h4 64. gxh4 Bxf4 65. Nxb4 Bd6 66. Nc6 f4 67. Nd4+ Ke5 68. Kd3 Bc5 69. Nf3+ Kf5 70. h5 Be7 71. h6 Bf8 72. b4 1-0

[Event "MCCT Oslo Esports Cup 2022"]
[Site "Oslo"]
[Date "2022.04.20"]
[Round "6.5"]
[White "Van Foreest, Jorden"]
[Black "Mamedyarov, Shakhriyar"]
[Result "1/2-1/2"]
[ECO "C54"]
[WhiteElo "2714"]
[BlackElo "2771"]
[Annotator "TA"]
[PlyCount "179"]
[EventDate "2022.04.14"]
[EventType "tourn"]
[EventCountry "NOR"]
[SourceTitle "playchess.com"]
[Source "ChessBase"]
[SourceQuality "1"]
[TimeControl "300+3"]

1. e4 e5 2. Nf3 Nc6 3. Bc4 Bc5 4. c3 Nf6 5. d3 O-O 6. O-O d5 7. exd5 Nxd5 8. Nbd2 Nb6 9. Bb5 Bd6 10. Ne4 f5 11. Nxd6 cxd6 12. d4 e4 13. Ng5 d5 14. Nh3 Bd7 15. a4 Ne7 16. Be2 a5 17. f3 Ng6 18. fxe4 fxe4 19. Nf4 Nxf4 20. Bxf4 Bc6 21. b3 Nd7 22. Qd2 Kh8 23. Rf2 Qe7 24. Raf1 Rae8 25. Qe3 Qe6 26. h3 Qg6 27. Kh2 h6 28. Bc7 Rxf2 29. Rxf2 b6 30. Bg4 Rf8 31. Rxf8+ Nxf8 32. Bxb6 Bd7 33. Qf4 Bxg4 34. Qxf8+ Kh7 35. hxg4 Qxb6 36. Qf5+ Kh8 37. Qc8+ Kh7 38. Qf5+ Kh8 39. Qxd5 Qc7+ 40. Qe5 Qxc3 41. Qe8+ Kh7 42. Qxe4+ Kh8 43. d5 Qxb3 44. d6 Qd1 45. Qe8+ Kh7 46. d7 Qd6+ 47. Kg1 Qd4+ 48. Kf1 Qd1+ 49. Kf2 Qd4+ 50. Kf3 Qd1+ 51. Ke4 Qxa4+ 52. Ke5 Qb5+ $1 53. Ke6 Qc4+ 54. Ke7 Qc5+ 55. Kf7 Qf2+ $1 56. Ke6 Qb6+ 57. Kd5 Qb5+ 58. Kd4 Qb4+ 59. Kd3 Qb3+ 60. Ke4 Qc4+ 61. Ke3 Qc3+ 62. Kf4 Qd2+ 63. Kg3 Qd6+ 64. Kf3 Qd3+ 65. Kf4 Qd2+ 66. Ke4 Qe2+ 67. Kd4 Qd2+ 68. Kc5 Qb4+ 69. Kc6 Qc4+ 70. Kb6 Qb4+ 71. Ka6 Qc4+ 72. Kb6 Qb4+ 73. Kc6 Qc4+ 74. Kd6 Qd4+ 75. Ke6 Qe4+ 76. Kd6 Qd4+ 77. Kc7 Qc5+ 78. Kb7 (78. Kd8 $5 Qb6+ 79. Kc8 Qc6+ 80. Kd8 Qb6+ 81. Kc8 Qc6+ 82. Kd8 Qb6+ $11) 78... Qb5+ 79. Ka7 Qc5+ 80. Ka6 Qc6+ 81. Kxa5 Qc5+ 82. Ka6 Qc6+ 83. Ka7 Qc7+ 84. Ka8 Qc6+ 85. Kb8 Qb6+ 86. Kc8 $1 Qc6+ 87. Kd8 Qb6+ 88. Kc8 Qc6+ 89. Kd8 Qb6+ 90. Kc8 1/2-1/2

[Event "MCCT Oslo Esports Cup 2022"]
[Site "Oslo"]
[Date "2022.04.20"]
[Round "6.6"]
[White "Mamedyarov, Shakhriyar"]
[Black "Van Foreest, Jorden"]
[Result "1-0"]
[ECO "D75"]
[WhiteElo "2771"]
[BlackElo "2714"]
[Annotator "TA"]
[PlyCount "153"]
[EventDate "2022.04.14"]
[EventType "tourn"]
[EventCountry "NOR"]
[SourceTitle "playchess.com"]
[Source "ChessBase"]
[SourceQuality "1"]
[TimeControl "300+3"]

1. d4 Nf6 2. c4 g6 3. Nc3 Bg7 4. g3 d5 5. cxd5 Nxd5 6. Bg2 Nxc3 7. bxc3 c5 8. Nf3 Nc6 9. O-O $1 {[%emt 0:00:04][%mdl 4] is currently scoring better than 9.e3.} O-O 10. d5 {[%emt 0:00:02] D75: Fianchetto Grünfeld: Main Line with 7...c5.} Ne5 11. Nxe5 Bxe5 {[%emt 0:00:00] [#]} 12. Qc2 $146 {[%emt 0:00:01] White is slightly better.} ({Predecessor:} 12. Bh6 Bg7 13. Bxg7 Kxg7 14. Qb3 Qd6 15. Rad1 Rb8 16. e4 e5 17. dxe6 Qxe6 18. Qa3 {1-0 (39) Mekhitarian,K (2487)-Fusco,L (2383) Santos 2011}) 12... Bg7 13. Rb1 a6 14. c4 b5 15. cxb5 axb5 16. Rxb5 ({Much less strong is} 16. Qxc5 Rxa2 17. e4 Bd7 $14) 16... c4 ({Better is} 16... Bd4) 17. Rc5 ({Resist} 17. Qxc4 $6 Ba6 $16) ({White should play} 17. Bd2 $1 $16) 17... c3 $14 18. Rxc3 Bxc3 19. Qxc3 {[%emt 0:00:00] aiming for Bh6.} Rxa2 $2 (19... Qa5 $14 20. Qd4 Rd8) 20. Bh6 $18 {[%emt 0:00:10][%csl Gh6][%cal Rc3g7] This bishop pair is nice.} f6 21. d6 (21. Qc4 $18 {is the precise move to win.} Ra7 22. d6+ (22. Bxf8 Kxf8 23. e4 Qc7 $16) 22... e6 23. Bxf8 Qxf8 24. Qc5) 21... Be6 $16 22. Bxf8 {[%emt 0:00:12] White is much more active.} Kxf8 23. dxe7+ Qxe7 24. Rb1 Ra7 {[%emt 0:00:17] Prevents Rb7.} 25. h4 Kg7 26. e3 Rc7 27. Qa5 Ra7 28. Qb6 Bf5 29. Rc1 Be6 30. Bf3 Bf7 31. Kg2 Rd7 32. Rc6 Qe5 33. Rc5 Qd6 34. Qa5 h5 35. Qc3 Re7 36. e4 Re5 37. Rc6 Qd8 38. Kh2 Qa5 39. Qc1 Qa7 40. Rc2 Ra5 41. Qd2 Ra2 42. Rxa2 Qxa2 43. Qxa2 Bxa2 {[%emt 0:00:00][%mdl 4096] Endgame KB-KB} 44. Bg2 Kf7 45. f4 Ke7 46. Kg1 Kd6 47. Kf2 Ke7 48. Ke3 Bf7 49. Kd4 Be8 50. Bf1 Bc6 51. Bd3 Bd7 52. e5 Be8 53. Bc4 Bd7 54. Kc5 Bf5 55. Bb5 Ke6 {[%emt 0:00:06] [#]} 56. Kd4 $1 {[%emt 0:00:03] Intending Bc4+ and mate.} Bg4 57. Bd3 Kf7 {[%emt 0:00:02] [#]} (57... f5 $16 58. Bc4+ Ke7) 58. Kd5 $1 {[%emt 0:00:01] White threatens Kd6 and mate.} Ke7 59. Bxg6 Bf3+ 60. Kd4 Bg4 61. Bd3 Ke6 62. Bc4+ Ke7 63. Ke3 Bf5 64. Be2 Bg6 65. g4 hxg4 66. Bxg4 fxe5 67. fxe5 Kf7 68. Kf4 Kg7 69. Kg5 Bf7 70. h5 Bb3 71. h6+ Kh7 72. Bf5+ Kh8 73. Kf6 Bc4 74. Be6 Be2 75. Bf5 Bc4 76. Bg6 Kg8 {[%emt 0:00:11] [#]} 77. Bf7+ $1 {[%emt 0:00:02][%mdl 512] Weighted Error Value: White=0.11 (very precise) /Black=0.42} 1-0